 Dungeon Sprint DCSS version 0.32-a0 (webtiles) character file.

Game seed: 18093630775629106560

370 Conn the Arsonist (level 6, -2/37 HPs)
             Began as an Octopode Fire Elementalist on Jan 13, 2024.
             Was an Initiate of Sif Muna.
             Slain by a polar bear (4 damage)
             ... in the Dungeon (Sprint II: "The Violet Keep of Menkaure").
             The game lasted 00:07:56 (333 turns).

Conn the Arsonist (Octopode Fire Elementalist)       Turns: 333, Time: 00:07:56

Health: -2/37      AC:  1    Str:  8    XL:     6   Next: 70%
Magic:  0/16       EV: 14    Int: 19    God:    Sif Muna [......]
Gold:   425        SH:  0    Dex: 12    Spells: 10/20 levels left

rFire   + + .        m - +2 dagger (drain)
rCold   x . .        (no shield)
rNeg    . . .        (helmet restricted)
rPois   +            x - amulet of guardian spirit
rElec   .            l - ring of protection from fire
rCorr   .            s - ring of fire
SInv    .            t - ring of poison resistance
Will    .....        (no ring)
Stlth   +++++        (no ring)
HPRegen 0.26/turn    (no ring)
MPRegen 0.15/turn    (no ring)
                     (no ring)

%: no teleportation, guardian spirit
@: no status effects
A: almost no armour, amphibious, 8 rings, camouflage 1, gelatinous body 1,
nimble swimmer 1, tentacles
a: Renounce Religion


You were in the Dungeon.
You worshipped Sif Muna.
Sif Muna was noncommittal.
You visited 1 branch You collected 425 gold pieces.

Inventory:

Hand Weapons
 m - a +2 dagger of draining (weapon)
Magical Staves
 y - a staff of earth
Jewellery
 l - a ring of protection from fire (left tentacle)
 s - a ring of fire (right tentacle)
 t - a ring of poison resistance (on tentacle)
 x - an amulet of guardian spirit (around mantle)
Scrolls
 d - a scroll of amnesia
 f - a scroll of blinking
 i - 2 scrolls of enchant armour
 j - 2 scrolls of poison
 o - a scroll of fear
 p - 2 scrolls of enchant weapon
 r - a scroll of revelation
 u - a scroll of butterflies
 v - a scroll of vulnerability
Potions
 a - 3 potions of magic
 b - 2 potions of curing
 c - a potion of heal wounds
 e - a potion of berserk rage
 g - 2 potions of resistance
 h - a potion of brilliance
 n - 2 potions of enlightenment
 q - a potion of haste


   Skills:
 + Level 0.4 Fighting
 + Level 3.7 Dodging
 + Level 5.0 Stealth
 + Level 3.3 Unarmed Combat
 * Level 7.6 Spellcasting
 * Level 4.7 Conjurations
 + Level 0.4 Hexes
 + Level 9.0 Fire Magic


You had 10 spell levels left.
You knew the following spells:

 Your Spells              Type           Power      Damage    Failure   Level
a - Foxfire               Conj/Fire      100%       2x1d9     1%          1
b - Scorch                Fire           100%       2d9       1%          2
c - Inner Flame           Hex/Fire       37%        N/A       4%          3
d - Flame Wave            Conj/Fire      49%        2d12      5%          4

Your spell library contained the following spells:

 Spells                   Type           Power      Damage    Failure   Level
 Volatile Blastmotes      Fire/Tloc      72%        2d16      4%          3


Dungeon Overview and Level Annotations

Branches:
Dungeon (1/1)

Altars:
Cheibriados
Dithmenos
Elyvilon
Fedhas
Gozag
Hepliaklqana
Kikubaaqudgha
Makhleb
Nemelex Xobeh
Okawaru
Qazlal
Ru
Sif Muna
Trog
Uskayaw
Vehumet
Wu Jian
Xom
Yredelemnul
Zin
The Shining One
Jiyva
Lugonu

Annotations:
D exclusion: ice statue


Innate Abilities, Weirdness & Mutations

You cannot wear most types of armour.
You are amphibious.
You can wear up to eight rings at the same time.
Your skin changes colour to match your surroundings (Stealth+).
Your rubbery body absorbs attacks. (AC +1, EV +1)
You are camouflaged when in or above water. (Stealth+)
You have tentacles for arms and can constrict up to eight enemies at once.


Message History

You feel your dexterity returning.
Your Stealth skill increases to level 5!
Your Unarmed Combat skill increases to level 3!
Your Spellcasting skill gained 2 levels and is now at level 7!
Your Conjurations skill increases to level 4!
Your Fire Magic skill gained 2 levels and is now at level 9!
You have reached level 6!
A wave of flame ripples out!
Unknown command.
A wave of flame ripples out!
You hear an angry growl.
You finish channelling waves of flame.
A polar bear comes into view.
Casting: Flame Wave (quite dangerous; 5% risk of failure)
Confirm with . or Enter, or press ? or * to list all spells.
You feel a surge of power!
Flames lash the polar bear.
The polar bear is moderately wounded.
The polar bear's fire resistance burns away.
Unknown command.
Unknown command.
Unknown command.
Casting: Scorch (safe; 1% risk of failure)
Confirm with . or Enter, or press ? or * to list all spells.
You feel a surge of power!
Flames lash the polar bear.
The polar bear is burned terribly!
The polar bear is severely wounded.
The polar bear is engulfed in a cloud of scalding steam.
The polar bear goes berserk!
The yaktaur is engulfed in a cloud of scalding steam.
Flame seeps out of the yaktaur.
Unknown command.
Unknown command.
Unknown command.
Unknown command.
Magic courses through your body.
The polar bear bites you but does no damage.
The polar bear claws you. x2; The polar bear bites you!!
* * * LOW HITPOINT WARNING * * *
The polar bear claws you.
You die...

#..# #:)▓.)....(.▓▓ ##.####
+^####=)▓.....(..▓▓ .#....#
...####▓........▓▓ ####..##
#..# $#▓.....)[.▓▓ k##..# +..#
y#▓.[.%...!▓▓ #.# #..# #..#
h#▓........▓▓ +#
+..####..##.#▓).[..)(.▓▓ #$#
#.§..###...##▓▓▓▓▓▓▓'▓▓▓▓+▓
k##......~~§ch@~§§~~~~...X≈≈▓
#~~.....~#'########+###.≈≈≈▓
.#~~~~~~~..~#....._..#l§~##≈≈≈▓
##~~~~~~~§§§#...._._.#§~≈≈####▓
#~~~§≈≈~~~~~#..._._._#~§~~≈#
~~~~~≈≈≈§~§§#.._._._.#~~~≈≈≈
++#~≈≈§≈≈≈§~#._._._._#~~§~~≈
##§≈≈###§≈#_._._._.#~~~~§l
#≈≈#._._._._#~~≈§


You could see a polar bear (berserk, combustible), a yaktaur (inner flame) and a
crocodile.

Vanquished Creatures
  A polar bear (D)
  Menkaure (D)
  A crocodile (D)
  3 ribbon worms (D)
6 creatures vanquished.

Vanquished Creatures (others)
  10 foxfires (D)
  4 tentacles (D)
14 creatures vanquished.

Grand Total: 20 creatures vanquished

Notes
Turn   | Place    | Note
-------+----------+-------------------------------------------
     0 | D        | Conn the Octopode Fire Elementalist began the quest for the
                  | Orb.
     0 | D        | Reached XP level 1. HP: 11/11 MP: 3/3
     2 | D        | Noticed a merfolk siren
     5 | D        | Noticed a boulder beetle
     5 | D        | Noticed a boulder beetle
    12 | D        | Noticed a wyvern
    12 | D        | Noticed a wyvern
    38 | D        | Reached skill level 4 in Fire Magic
    38 | D        | Reached XP level 2. HP: 11/17 MP: 0/5
    47 | D        | Learned a level 2 spell: Scorch
    47 | D        | Noticed an ice statue
    49 | D        | Noticed a crocodile
    55 | D        | Noticed Menkaure
    62 | D        | Killed Menkaure
    63 | D        | Reached skill level 6 in Fire Magic
    63 | D        | Reached XP level 3. HP: 7/21 MP: 0/8
    63 | D        | Reached XP level 4. HP: 9/27 MP: 0/10
    67 | D        | Learned a level 3 spell: Inner Flame
    73 | D        | Learned a level 4 spell: Flame Wave
    78 | D        | Found a blossoming altar of Fedhas.
    79 | D        | Found a white marble altar of Elyvilon.
    80 | D        | Found a shadowy altar of Dithmenos.
    80 | D        | Found a corrupted altar of Lugonu.
    80 | D        | Found an opulent altar of Gozag.
    80 | D        | Found a burning altar of Makhleb.
    81 | D        | Found a snail-covered altar of Cheibriados.
    81 | D        | Found an ancient bone altar of Kikubaaqudgha.
    81 | D        | Found a bloodstained altar of Trog.
    82 | D        | Found a viscous altar of Jiyva.
    82 | D        | Found a shimmering blue altar of Sif Muna.
    83 | D        | Found a hazy altar of Hepliaklqana.
    83 | D        | Found a sacrificial altar of Ru.
    84 | D        | Found a shimmering altar of Xom.
    85 | D        | Found a stormy altar of Qazlal.
    85 | D        | Found an ornate altar of the Wu Jian Council.
    85 | D        | Found a sparkling altar of Nemelex Xobeh.
    85 | D        | Found a hide-covered altar of Uskayaw.
    85 | D        | Found a basalt altar of Yredelemnul.
    85 | D        | Found a glowing golden altar of the Shining One.
    86 | D        | Found a radiant altar of Vehumet.
    86 | D        | Found an iron altar of Okawaru.
    86 | D        | Found a glowing silver altar of Zin.
    88 | D        | Noticed a crocodile
    89 | D        | Noticed a crocodile
    91 | D        | Became a worshipper of Sif Muna the Loreminder
    98 | D        | Noticed a crocodile
   106 | D        | HP: 1/27 [crocodile (10)]
   108 | D        | Killed a crocodile
   109 | D        | Reached skill level 5 in Spellcasting
   109 | D        | Reached skill level 7 in Fire Magic
   109 | D        | Reached XP level 5. HP: 2/31 MP: 0/13
   119 | D        | Noticed a crocodile
   119 | D        | Noticed a kraken
   321 | D        | Noticed a yaktaur
   321 | D        | Noticed a hornet
   321 | D        | Noticed a polar bear
   322 | D        | Noticed a polar bear
   328 | D        | Killed a polar bear
   329 | D        | Reached skill level 5 in Stealth
   329 | D        | Reached skill level 9 in Fire Magic
   329 | D        | Reached XP level 6. HP: 23/37 MP: 5/16
   330 | D        | Noticed a polar bear
   333 | D        | Slain by a polar bear

Illustrated notes

Levels and vault maps discovered:
D:        the_violet_keep_of_menkaure [sprint2_stairs_cluster_1,
          sprint2_shoproom, sprint2_temple, sprint2_basic_supplies,
          sprint2_obstacle_4, sprint2_obstacle_7, sprint2_obstacle_2,
          sprint2_obstacle_6, sprint2_obstacle_3, sprint2_timed_cluster_1,
          sprint2_smallroom_cluster_1, sprint2_smallroom_final_cluster_1,
          sprint2_transparent_cluster_1, sprint2_second_timed_cluster_1,
          sprint2_sniper_area_1, sprint2_heavy_combat_area_1,
          sprint2_mutation_trap_area_1, sprint2_forest_area_1,
          sprint2_light_combat_area_1, sprint2_behind_water_1,
          sprint2_near_end_vault_1]

Skill      XL: |  1  2  3  4  5 |
---------------+----------------+-----
Stealth        | 3 4 5 |  5.0
Fire Magic     | 4 6 7 9 |  9.0
Dodging        | 3 |  3.7
Unarmed Combat | 2 3 |  3.3
Spellcasting   | 4 5 7 |  7.6
Conjurations   | 2 3 4 |  4.7
Fighting       | |  0.4
Hexes          | |  0.4

Action                     |  1- 3 |  4- 6 || total
---------------------------+-------+-------++-------
  Melee: Unarmed           |    17 |       ||    17
         Constrict         |     5 |       ||     5
         Tentacles         |     4 |       ||     4
   Cast: Foxfire           |     5 |     2 ||     7
         Scorch            |     2 |     5 ||     7
         Inner Flame       |       |     1 ||     1
         Flame Wave        |       |     1 ||     1
    Use: Potion            |     2 |     6 ||     8
         Scroll            |       |     9 ||     9
 Armour: Skin              |     2 |    17 ||    19
  Dodge: Dodged            |     4 |     3 ||     7

Table legend: (Time is in decaauts)
 A = Elapsed time spent in this place.
 B = Non-inter-level travel time spent in this place.
 C = Inter-level travel time spent in this place.
 D = Time resting spent in this place.
 E = Time spent auto-exploring this place.
 F = Levels seen in this place.
 G = Mean time per level.
                   A        B        C        D        E       F      G
               +--------+--------+--------+--------+--------+-----+--------+
         Total |    315 |    315 |      0 |      0 |      0 |   1 |  315.0 |
       Dungeon |    315 |    315 |      0 |      0 |      0 |   1 |  315.0 |
               +--------+--------+--------+--------+--------+-----+--------+

Top non-repeatable levels by time:
       D: 315 daAuts
